Match 40096512
Unlisted

Match 40096512
End
Royal Engineer Section
Construct Section Command Post
Selects Canadian Shock Battlegroup
Infantry Section
Infantry Section
Grenade Package
Infantry Section
Selects Attacking Spirit
Selects Canadian Shock Section
Construct Platoon Command Post
Humber Armored Car
BIOHAZARD
☭SOVIET CORE☭
0
0

Comments sign in to comment!

No comments posted yet!